Map: 2000 Atmospheres LE

Players

A.I. 1 (Very Easy) - Winner!

  • Race: Terran Terran

ViBE

  • Race: Terran Terran
  • League: Grandmaster

VOD

Have the link to the VOD?

Description

Time

  • Played on: Sept. 5, 2021, 5:33 p.m.
  • Length: 5:00
Show
View Real Time Build Order
Export as new Build Order

A.I. 1 (Very Easy) Terran - Winner!

Build Orders:  

Get SALT Encoding   

  12  0:00  SCV  
  13  0:13  SCV  
  14  0:18  Supply Depot  
  14  0:37  Refinery  
  14  0:42  Barracks  
  14  1:03  Supply Depot  
  14  1:11  Refinery  
  14  1:28  SCV  
  14  1:29  Marine  
  16  1:41  SCV  
  17  1:53  SCV  
  18  2:01  Marine  
  19  2:05  SCV  
  20  2:17  SCV  
  21  2:29  SCV  
  22  2:32  Marine  
  23  2:41  Orbital Command  
Show
View Real Time Build Order
Export as new Build Order

ViBE Terran 

Build Orders:  

Get SALT Encoding   

  12  0:00  SCV  
  13  0:12  SCV  
  14  0:17  Supply Depot  
  14  0:24  SCV  
  15  0:39  SCV  
  15  0:40  Barracks  
  16  0:44  Refinery  
  16  0:51  SCV  
  17  1:06  SCV  
  18  1:18  SCV  
  19  1:28  Marine  
  19  1:31  Orbital Command  
  20  1:39  Command Center  
  20  1:46  Marine  
  21  1:50  Supply Depot  
  21  1:57  SCV  
  22  2:06  Factory  
  22  2:07  Marine  
  23  2:11  SCV  
  24  2:20  Supply Depot  
  24  2:28  SCV  
  25  2:31  Barracks Reactor  
  25  2:40  SCV  
  25  2:42  Refinery  
  26  2:52  Factory Tech Lab  
  26  2:54  SCV  
  26  2:55  Barracks  
  26  2:57  Supply Depot  
  27  2:59  Orbital Command  
  27  3:06  SCV  
  27  3:09  Marine x2  
  30  3:15  Siege Tank  
  30  3:18  SCV  
  34  3:27  Marine x2  
  34  3:28  Supply Depot  
  34  3:30  SCV  
  37  3:34  SCV  
  38  3:42  SCV  
  38  3:44  Barracks Tech Lab, Marine  
  38  3:45  Marine  
  38  3:46  SCV  
  42  3:50  Siege Tank  
  42  3:54  SCV  
  46  3:56  Supply Depot  
  46  3:59  SCV  
  47  4:04  Marine x2  
  47  4:06  Marine, SCV  
  51  4:10  Starport  
  51  4:11  SCV  
  52  4:18  SCV  
  52  4:23  Marine x2, SCV, Siege Tank  
  52  4:24  Marine  
  59  4:31  SCV  
  61  4:34  Supply Depot  
  61  4:35  SCV  
  62  4:41  Marine x2  
  62  4:42  Marine  
  62  4:43  SCV  
  66  4:47  SCV  
  66  4:49  Starport Reactor  
  67  4:57  Supply Depot  
Tags
 
Add a new tag
Caveats
  • Supply blocks, unpowered buildings, or Contaminate may cause inaccurate times.
  • Supply counts are checked every 10 seconds.